 Dungeon Crawl Stone Soup version 0.22-a0-605-g9281fa2 (webtiles) character file.

9083 Amnesiac the Destroyer (level 11, -1/57 HPs)
             Began as a Deep Elf Wizard on July 8, 2018.
             Was a High Priest of Sif Muna.
             Killed from afar by an orc sorcerer (41 damage)
             ... with a bolt of fire
             ... on level 1 of the Orcish Mines.
             The game lasted 00:21:54 (9491 turns).

Amnesiac the Destroyer (Deep Elf Wizard)            Turns: 9491, Time: 00:21:55

Health: -1/57      AC:  6    Str:  4    XL:     11   Next: 18%
Magic:  14/28      EV: 14    Int: 27    God:    Sif Muna [*****.]
Gold:   727        SH:  0    Dex: 13    Spells: 12/33 levels left

rFire    . . .     SeeInvis .   a - +6 spear (venom)
rCold    + . .     Gourm    .   (no shield)
rNeg     . . .     Faith    .   J - +2 robe {Archmagi}
rPois    .         Spirit   .   n - +0 helmet of Death's Door {rC+ Stlth+}
rElec    .         Reflect  .   (no cloak)
rCorr    +         Harm     .   (no gloves)
MR       +....                  s - +0 pair of boots
Stlth    +++.......             l - amulet of regeneration
HPRegen  0.59/turn              C - ring of wizardry
MPRegen  0.21/turn              F - ring of resist corrosion

@: divine energy
A: no striking features
a: Stop Divine Energy, Channel Magic, Forget Spell, Renounce Religion


You were on level 1 of the Orcish Mines.
You worshipped Sif Muna.
Sif Muna was extremely pleased with you.
You were not hungry.

You visited 2 branches of the dungeon, and saw 11 of its levels.

You collected 1047 gold pieces.
You spent 320 gold pieces at shops.

Inventory:

Hand Weapons
 a - a +6 spear of venom (weapon)
 B - a +2 dagger of electrocution
Armour
 n - the +0 helmet of Death's Door (worn) {rC+ Stlth+}
   (You took it off Robin on level 2 of the Dungeon)

   It protects you from cold.
   It makes you more stealthy.
 s - a +0 pair of boots (worn)
 J - a +2 robe of the Archmagi (worn)
Jewellery
 l - an amulet of regeneration (around neck)
 C - a ring of wizardry (left hand)
 F - a ring of resist corrosion (right hand)
Wands
 t - a wand of random effects (15)
 w - a wand of paralysis (7)
 E - a wand of digging (10)
Scrolls
 b - 3 scrolls of amnesia {!r, unknown}
 c - a scroll of random uselessness {!r, unknown}
 e - 4 scrolls of blinking {!r, unknown}
 g - 4 scrolls of enchant armour {!r, unknown}
 h - 6 scrolls of remove curse {!r, unknown}
 j - 3 scrolls of brand weapon {!r, unknown}
 k - 4 scrolls of teleportation {!r}
 u - a scroll of enchant weapon {!r}
 G - a scroll of fear {!r, unknown}
 H - a scroll of identify {!r}
Potions
 f - 2 potions of berserk rage {!q}
 i - 3 potions of flight {!q}
 m - 3 potions of curing {!q}
 o - a potion of lignification {!q}
 p - a potion of cancellation {!q}
 q - a potion of resistance {!q}
 r - 2 potions of brilliance {!q}
 v - a potion of invisibility {!q}
 z - a potion of haste {!q}
 A - 2 potions of might {!q}
 D - a potion of agility {!q}
Comestibles
 d - 18 rations


   Skills:
 + Level 2.2 Fighting
 + Level 4.4 Dodging
 - Level 2.4 Stealth
 - Level 11.7 Spellcasting
 - Level 13.2 Conjurations
 - Level 1.1 Summonings
 - Level 1.1 Translocations
 - Level 1.0 Fire Magic
 - Level 8.1 Invocations


You had 12 spell levels left.
You knew the following spells:

 Your Spells              Type           Power        Failure   Level  Hunger
a - Stone Arrow           Conj/Erth      ######       1%          3    None
b - Call Imp              Summ           ####....     1%          2    None
c - Passwall              Tmut/Erth      ###.....     2%          2    None
d - Magic Dart            Conj           ####         0%          1    None
e - Mephitic Cloud        Conj/Pois/Air  ######..     1%          3    None
s - Conjure Flame         Conj/Fire      ######..     1%          3    None
v - Blink                 Tloc           N/A          1%          2    None
w - Irradiate             Conj/Tmut      ######....   2%          5    ###....

Your spell library contained the following spells:

 Spells                   Type           Power        Failure   Level  Hunger
 Apportation              Tloc           ####..       1%          1    None
 Slow                     Hex            ###.....     2%          2    None
 Venom Bolt               Conj/Pois      ######....   2%          5    ###....
 Olgreb's Toxic Radiance  Pois           ###.....     14%         4    None
 Summon Small Mammal      Summ           ####         1%          1    None
 Pain                     Necr           ###.         1%          1    None
 Animate Skeleton         Necr           N/A          1%          1    None
 Sting                    Conj/Pois      ####         1%          1    None
 Sublimation of Blood     Necr           ###.......   2%          2    None
 Confusing Touch          Hex            ###...       1%          1    None
 Ignite Poison            Fire/Tmut/Pois ####....     4%          3    None
 Alistair's Intoxication  Tmut/Pois      ###.....     36%         5    ###....
 Lee's Rapid Deconstruct  Erth           ###.......   36%         5    ###....
 Sandblast                Erth           ###...       1%          1    None
 Petrify                  Tmut/Erth      ###.....     14%         4    None
 Poisonous Vapours        Pois/Air       ###...       2%          2    None


Dungeon Overview and Level Annotations

Branches:
Dungeon (9/15)             Temple (0/1) D:7             Orc (2/2) D:9
    Elf (0/3) Orc:2
   Lair: D:8-11

Altars:
Elyvilon
Fedhas
Hepliaklqana
Kikubaaqudgha
Nemelex Xobeh
Okawaru
Sif Muna
Trog
Uskayaw
Vehumet
Wu Jian
Yredelemnul
Zin
The Shining One
Beogh

Shops:
D:4 (   D:5 !


Message History

Things that are here:
a battleaxe; a shiny chain mail; an orc corpse You now have 727 gold pieces (gained 19).
Found 28 gold pieces.
Casting: Stone Arrow (safe; 1% risk of failure)
Confirm with . or Enter, or press ? or * to list all spells.
Aiming: Stone Arrow (safe; 1% risk of failure)
Press: ? - help, Shift-Dir - straight line, f - orc wizard
Aim: an orc wizard, wielding a dagger and wearing a robe (hasn't noticed you)
You feel a surge of power!
The stone arrow hits the orc wizard.
You kill the orc wizard!
Sif Muna accepts your kill.
Casting: Stone Arrow (safe; 1% risk of failure)
Confirm with . or Enter, or press ? or * to list all spells.
You can't see any susceptible monsters within range! (Use Z to cast anyway.)
Casting: Stone Arrow (safe; 1% risk of failure)
Confirm with . or Enter, or press ? or * to list all spells.
You can't see any susceptible monsters within range! (Use Z to cast anyway.)
Casting: Stone Arrow (safe; 1% risk of failure)
Confirm with . or Enter, or press ? or * to list all spells.
You can't see any susceptible monsters within range! (Use Z to cast anyway.)
There is a stone staircase leading up here.
You climb upwards.
An orc, an orc sorcerer and an ogre come into view.
The orc sorcerer casts a spell at you. The bolt of fire hits you!
Found 25 gold pieces.
There is a stone staircase leading down here.
Casting: Stone Arrow (safe; 1% risk of failure)
Confirm with . or Enter, or press ? or * to list all spells.
Aiming: Stone Arrow (safe; 1% risk of failure)
Press: ? - help, Shift-Dir - straight line, f - ogre
Aim: an ogre, wielding a giant club (resting)
You feel a surge of power!
The stone arrow hits the ogre.
The ogre is severely wounded.
The ogre shouts!
You hear a shout!
Unknown command.
Casting: Stone Arrow (safe; 1% risk of failure)
Confirm with . or Enter, or press ? or * to list all spells.
Aiming: Stone Arrow (safe; 1% risk of failure)
Press: ? - help, Shift-Dir - straight line, f/p - ogre
Aim: an ogre, wielding a giant club (severely wounded)
You feel a surge of power!
The stone arrow hits the ogre.
You kill the ogre!
Sif Muna accepts your kill.
Unknown command.
Casting: Stone Arrow (safe; 1% risk of failure)
Confirm with . or Enter, or press ? or * to list all spells.
Aiming: Stone Arrow (safe; 1% risk of failure)
Press: ? - help, Shift-Dir - straight line, f - orc sorcerer
Aim: an orc sorcerer, wielding a dagger and wearing a robe You feel a surge of power!
The stone arrow misses the orc sorcerer.
Casting: Stone Arrow (safe; 1% risk of failure)
Confirm with . or Enter, or press ? or * to list all spells.
Aiming: Stone Arrow (safe; 1% risk of failure)
Press: ? - help, Shift-Dir - straight line, f/p - orc sorcerer
Aim: an orc sorcerer, wielding a dagger and wearing a robe You feel a surge of power!
The stone arrow misses the orc sorcerer.
The orc sorcerer casts a spell at you. The bolt of fire hits you!
Ouch! That really hurt!
You die...

#.... .##
#.... ..
...$###.##
##........##
#.o......#.##
#...........#
#...........
#...@..)....
##...#......
##... .....
#.... o...
##.... ...
#..... ..
....... .
........


You could see an orc sorcerer and an orc.

Vanquished Creatures
  An orc warlord (D:9)
  The ghost of Amnesiac the Nimble, a novice DEWz of Sif Muna (D:9)
  An orc knight (D:9)
  Pikel (D:4)
  2 orc sorcerers (Orc:1)
  The ghost of ThereIsNoGod the Cleaver, a novice DDFi (D:4)
  A troll (D:9)
  A vampire (D:8)
  A hungry ghost (D:9)
  A warg (Orc:1)
  A water moccasin (D:8)
  A hornet zombie (D:5)
  10 orc warriors
  An eye of draining (D:9)
  A sky beast (D:6)
  2 phantoms
  6 ogres
  A centaur (D:7)
  5 bullfrogs
  A gnoll sergeant (D:7)
  A wyvern skeleton (D:9)
  4 scorpions
  Dowan (D:6)
  7 killer bees
  2 howler monkeys (D:9)
  A crimson imp (D:9)
  2 hounds (D:8)
  A quasit (D:8)
  13 orc priests
  A bullfrog zombie (D:5)
  Jessica (D:2)
  An iguana (D:9)
  16 orc wizards
  5 worker ants
  A killer bee zombie (D:6)
  A hound skeleton (D:5)
  A howler monkey zombie (D:8)
  Robin (D:2)
  14 gnolls
  2 howler monkey skeletons
  6 adders
  A shadow imp (D:9)
  3 oozes
  An adder zombie (D:6)
  An adder skeleton (D:9)
  4 worms
  2 dart slugs
  4 leopard geckos
  55 orcs
  2 giant cockroaches
  16 goblins
  9 hobgoblins
  2 jackals (D:3)
  5 kobolds
  3 quokkas
  A ball python skeleton (D:5)
  9 bats
  8 frilled lizards
  A jackal skeleton (D:4)
  A leopard gecko skeleton (D:5)
  2 quokka zombies
  10 rats
262 creatures vanquished.

Vanquished Creatures (collateral kills)
  Duvessa (D:6)
  An iguana (D:5)
2 creatures vanquished.

Vanquished Creatures (others)
  A crimson imp (D:5)
  An adder skeleton (D:5)
  A worm (D:5)
  A quokka skeleton (D:5)
  A rat (D:2)
5 creatures vanquished.

Grand Total: 269 creatures vanquished

Notes
Turn   | Place    | Note
-------+----------+-------------------------------------------
     0 | D:1      | Amnesiac the Deep Elf Wizard began the quest for the Orb.
     0 | D:1      | Reached XP level 1. HP: 10/10 MP: 7/7
   236 | D:1      | Reached skill level 2 in Conjurations
   324 | D:1      | Reached XP level 2. HP: 15/15 MP: 3/9
   328 | D:1      | Learned a level 2 spell: Blink
   331 | D:1      | Learned a level 2 spell: Call Imp
   839 | D:2      | Noticed Robin
   840 | D:2      | Reached skill level 3 in Conjurations
   841 | D:2      | Noticed Jessica
   861 | D:2      | Killed Jessica
   861 | D:2      | Reached XP level 3. HP: 16/19 MP: 0/11
   979 | D:2      | Killed Robin
   979 | D:2      | Reached skill level 4 in Conjurations
   989 | D:2      | Got a dazzling helmet
  1011 | D:2      | Identified the +0 helmet of Death's Door {rC+ Stlth+} (You took it off Robin on level 2 of the Dungeon)
  1035 | D:2      | Reached XP level 4. HP: 24/24 MP: 5/12
  1171 | D:2      | Found a glowing golden altar of the Shining One.
  1183 | D:2      | Found a basalt altar of Yredelemnul.
  1185 | D:2      | Noticed a profane servitor
  1657 | D:3      | Found a white marble altar of Elyvilon.
  1668 | D:3      | Reached skill level 1 in Fighting
  1810 | D:3      | Learned a level 3 spell: Conjure Flame
  1814 | D:3      | Learned a level 3 spell: Mephitic Cloud
  1903 | D:3      | Found a radiant altar of Vehumet.
  1911 | D:3      | Found an ancient bone altar of Kikubaaqudgha.
  1912 | D:3      | Found a deep blue altar of Sif Muna.
  1917 | D:3      | Identified Kikubaaqudgha's Handbook of Sinister Arts
  1926 | D:3      | Became a worshipper of Sif Muna the Loreminder
  2145 | D:3      | Found a faded altar of an unknown god.
  2231 | D:3      | Reached XP level 5. HP: 29/29 MP: 6/13
  2320 | D:4      | Noticed an ogre
  2330 | D:4      | Found Foiptoh's Weapon Shoppe.
  2555 | D:4      | Reached skill level 1 in Fire Magic
  2617 | D:4      | Reached skill level 5 in Spellcasting
  2621 | D:4      | Reached skill level 5 in Conjurations
  2705 | D:4      | Reached XP level 6. HP: 34/34 MP: 3/15
  2739 | D:4      | Reached * piety under Sif Muna
  3084 | D:5      | Entered Level 5 of the Dungeon
  3179 | D:5      | Found Poingur's Distillery.
  3181 | D:5      | Found a hazy altar of Hepliaklqana.
  3184 | D:5      | Noticed Pikel
  3321 | D:4      | Killed Pikel
  3321 | D:4      | Reached skill level 7 in Conjurations
  3321 | D:4      | Reached XP level 7. HP: 35/38 MP: 7/19
  3448 | D:5      | Found a hide-covered altar of Uskayaw.
  3489 | D:5      | Reached skill level 8 in Conjurations
  3612 | D:5      | Reached XP level 8. HP: 28/43 MP: 5/21
  3818 | D:5      | Bought a potion of degeneration for 10 gold pieces
  3819 | D:5      | Bought a potion of resistance for 100 gold pieces
  3819 | D:5      | Bought a potion of brilliance for 40 gold pieces
  3840 | D:5      | Found an ornate altar of the Wu Jian Council.
  3843 | D:5      | Found a glowing silver altar of Zin.
  3844 | D:5      | Found a blossoming altar of Fedhas.
  3846 | D:5      | Found a sparkling altar of Nemelex Xobeh.
  3950 | D:5      | Bought a potion of might for 40 gold pieces
  4030 | D:5      | Found a runed gate.
  4031 | D:5      | Found a runed gate.
  4032 | D:5      | Found a runed gate.
  4040 | D:5      | Noticed ThereIsNoGod's ghost (novice DDFi)
  4081 | D:4      | Killed ThereIsNoGod's ghost
  4081 | D:4      | Reached ** piety under Sif Muna
  4081 | D:4      | Reached skill level 9 in Conjurations
  4193 | D:5      | Bought a potion of berserk rage for 50 gold pieces
  4314 | D:6      | Found a bloodstained altar of Trog.
  4425 | D:6      | Reached skill level 10 in Conjurations
  4454 | D:6      | Noticed Duvessa
  4454 | D:6      | Noticed Dowan
  4488 | D:6      | Killed Dowan
  4607 | D:6      | Reached *** piety under Sif Muna
  4733 | D:6      | Killed Duvessa
  5338 | D:7      | Reached XP level 9. HP: 47/47 MP: 18/24
  5658 | D:7      | Found a basalt altar of Yredelemnul.
  5690 | D:7      | Learned a level 2 spell: Passwall
  5694 | D:7      | Learned a level 3 spell: Stone Arrow
  5798 | D:7      | Found a staircase to the Ecumenical Temple.
  6038 | D:7      | Reached skill level 11 in Conjurations
  6214 | D:7      | Reached skill level 10 in Spellcasting
  6293 | D:5      | Bought a potion of invisibility for 80 gold pieces
  6590 | D:8      | Reached **** piety under Sif Muna
  7027 | D:8      | Reached skill level 12 in Conjurations
  7190 | D:9      | Found a staircase to the Orcish Mines.
  7416 | D:9      | Reached XP level 10. HP: 48/52 MP: 0/27
  7690 | D:9      | Found a runed door.
  7718 | D:9      | Reached ***** piety under Sif Muna
  7718 | D:9      | Received a gift from Sif Muna
  7729 | D:9      | Learned a level 5 spell: Irradiate
  7836 | D:9      | Noticed Amnesiac's ghost (novice DEWz)
  7849 | D:9      | Killed Amnesiac's ghost
  7907 | D:9      | Found an iron altar of Okawaru.
  7909 | D:9      | Reached skill level 13 in Conjurations
  8406 | Orc:1    | Entered Level 1 of the Orcish Mines
  8406 | Orc:1    | Noticed an orc knight
  8415 | Orc:1    | Reached skill level 1 in Invocations
  8449 | D:9      | Killed an orc knight
  8629 | Orc:1    | Noticed an orc warlord
  8647 | Orc:1    | Noticed an orc sorcerer
  8654 | D:9      | Killed an orc warlord
  8811 | Orc:1    | Noticed an orc sorcerer
  8814 | Orc:1    | Noticed a sixfirhy
  8814 | Orc:1    | Killed an orc sorcerer
  8814 | Orc:1    | Reached XP level 11. HP: 49/56 MP: 17/28
  8869 | Orc:1    | Killed an orc sorcerer
  9269 | Orc:1    | Found a roughly hewn altar of Beogh.
  9323 | Orc:2    | Entered Level 2 of the Orcish Mines
  9323 | Orc:2    | Found a staircase to the Elven Halls.
  9323 | Orc:2    | Noticed an orc knight
  9323 | Orc:2    | Noticed an orc warlord
  9341 | Orc:1    | You fall through a shaft!
  9487 | Orc:1    | Noticed an orc sorcerer
  9491 | Orc:1    | Killed from afar by an orc sorcerer

Vault maps used:
D:1:      minmay_arrival_four_circles, kennysheep_decorative_pillar
D:2:      grunt_temple_overflow_holy_war, uniq_robin, uniq_jessica
D:3:      grunt_temple_overflow_magic_moments, elyvilon_altar_4,
          chequers_ecumenical_altar_grove
D:4:      serial_shops, nicolae_shop_crystal, minmay_small_thing
D:5:      overflow_temple_1_default, overflow_temple_1_default,
          grunt_temple_overflow_open, gammafunk_ghost_necromancy, first_ration,
          serial_shops, shop, uniq_pikel
D:6:      lemuel_doored_altar, uniq_duvessa
D:7:      minmay_temple_entry_glass, basic_altar, kennysheep_generic_room_6
D:9:      kennysheep_okawaru_gauntlet, david_orc_3,
          ebering_ghost_reflecting_pool, lightli_orcish_oven
Orc:1:    basic_altar
Orc:2:    st_orc_town, uniq_maurice

Skill      XL: |  1  2  3  4  5  6  7  8  9 10 11 |
---------------+----------------------------------+-----
Conjurations   | 2 3 4 5 7 8 10 12 13 | 13.2
Dodging        | 3 4 |  4.4
Fighting       | 1 2 |  2.2
Fire Magic     | 1 |  1.0
Spellcasting   | 5 7 9 11 | 11.7
Invocations    | 7 8 |  8.1
Stealth        | |  2.4
Summonings     | |  1.1
Translocations | |  1.1

Action                   |  1- 3 |  4- 6 |  7- 9 | 10-12 || total
-------------------------+-------+-------+-------+-------++-------
Melee: Dagger            |       |    10 |    29 |       ||    39
       Spear             |       |       |     6 |    16 ||    22
 Cast: Magic Dart        |    59 |   173 |   127 |       ||   359
       Mephitic Cloud    |       |     3 |    14 |     4 ||    21
       Call Imp          |       |     1 |    11 |       ||    12
       Conjure Flame     |       |       |    11 |     2 ||    13
       Blink             |       |       |     1 |       ||     1
       Stone Arrow       |       |       |    98 |    91 ||   189
       Irradiate         |       |       |       |    10 ||    10
Invok: Divine Energy     |       |     1 |       |       ||     1
Evoke: Wand              |       |    17 |     3 |       ||    20
  Use: Scroll            |       |     4 |     4 |       ||     8
       Potion            |       |     1 |       |     2 ||     3
 Stab: Paralysed         |       |    10 |     7 |       ||    17
       Confused          |       |       |     1 |     1 ||     2
  Eat: Chunk             |       |     7 |    13 |     7 ||    27
Armor: Robe              |       |     3 |    27 |    10 ||    40
Dodge: Dodged            |     5 |     9 |    55 |    37 ||   106

Table legend:
 A = Spawn XP
 B = Non-spawn XP
 C = Spawn XP percentage of total XP
 D = Spawn monster count
 E = Non-spawn monster count
 F = Spawn count percentage of total count
 G = Total turns spent on level
                    A         B        C        D         E        F      G
               +---------+---------+-------+---------+---------+-------+---------
         Total |       0 |   12977 |   0.0 |       0 |     264 |   0.0 |  9491
               +---------+---------+-------+---------+---------+-------+---------
           D:1 |       0 |      18 |   0.0 |       0 |      13 |   0.0 |   698
           D:2 |       0 |     126 |   0.0 |       0 |      38 |   0.0 |  1023
           D:3 |       0 |      55 |   0.0 |       0 |      24 |   0.0 |   738
           D:4 |       0 |    1399 |   0.0 |       0 |      22 |   0.0 |   775
           D:5 |       0 |     511 |   0.0 |       0 |      13 |   0.0 |  1054
           D:6 |       0 |     674 |   0.0 |       0 |      25 |   0.0 |  1045
           D:7 |       0 |     990 |   0.0 |       0 |      19 |   0.0 |  1018
           D:8 |       0 |    1058 |   0.0 |       0 |      22 |   0.0 |   855
           D:9 |       0 |    5130 |   0.0 |       0 |      42 |   0.0 |  1563
         Orc:1 |       0 |    2753 |   0.0 |       0 |      41 |   0.0 |   571
         Orc:2 |       0 |     263 |   0.0 |       0 |       5 |   0.0 |   151
               +---------+---------+-------+---------+---------+-------+---------
